 Dungeon Crawl Stone Soup version 0.30-a0-1123-gabc949cf19 (webtiles) character file.

Game seed: 5466267734315735313

118 lorenzova the Conjurer (level 4, 0/24 HPs)
             Began as a Deep Elf Conjurer on Apr 22, 2023.
             Killed by divine providence
             ... invoked by an orc priest
              (15 damage)
             ... on level 3 of the Dungeon.
             The game lasted 00:03:33 (2848 turns).

lorenzova the Conjurer (Deep Elf Conjurer)          Turns: 2848, Time: 00:03:35

Health: 0/24       AC:  2    Str: 10    XL:     4   Next: 72%
Magic:  15/22      EV: 12    Int: 25    God:
Gold:   208        SH:  0    Dex: 13    Spells: 10/13 levels left

rFire   . . .        (no weapon)
rCold   . . .        (no shield)
rNeg    . . .        a - +0 robe
rPois   .            (no helmet)
rElec   .            (no cloak)
rCorr   .            (no gloves)
SInv    .            (no boots)
Will    .....        (no amulet)
Stlth   ++           d - ring of magical power
HPRegen 0.24/turn    i - +6 ring of strength
MPRegen 0.18/turn

%: no passive effects
@: no status effects
A: no striking features
a: no special abilities


You were on level 3 of the Dungeon.
You visited 1 branch of the dungeon, and saw 3 of its levels.

You collected 208 gold pieces.

Inventory:

Armour
 a - a +0 robe (worn)
Jewellery
 d - a ring of magical power (left hand)
 i - a +6 ring of strength (right hand)
 j - a ring of flight
Wands
 e - a wand of polymorph (1)
Scrolls
 g - a scroll of brand weapon {unknown}
 h - a scroll of fog {unknown}
Potions
 b - a potion of magic
 c - a potion of brilliance {unknown}
 f - 2 potions of attraction {unknown}
 k - a potion of flight {unknown}


   Skills:
 - Level 2.4 Dodging
 - Level 2.4 Stealth
 + Level 5.2 Spellcasting
 + Level 5.7 Conjurations


You had 10 spell levels left.
You knew the following spells:

 Your Spells              Type           Power      Damage    Failure   Level
a - Magic Dart            Conj           100%       1d8       1%          1
b - Searing Ray           Conj           70%        2d7       1%          2

Your spell library contained the following spells:

 Spells                   Type           Power      Damage    Failure   Level
 Kiss of Death            Conj/Necr      80%        2d11      2%          1
 Dazzling Flash           Conj/Hex       40%        N/A       8%          3
 Hailstorm                Conj/Ice       20%        3d6       8%          3
 Freeze                   Ice            24%        1d4       9%          1
 Confusing Touch          Hex            6%         N/A       24%         3
 Frozen Ramparts          Ice            12%        1d2       24%         3
 Fulminant Prism          Conj/Hex       10%        3d9       26%         4
 Iskenderun's Mystic Bla  Conj/Tloc      20%        2d6       26%         4
 Dispel Undead            Necr           6%         3d8       63%         4


Dungeon Overview and Level Annotations

Branches:
Dungeon (3/15)

Altars:
Okawaru


Message History

The orc is lightly wounded.
Unknown command.
Casting: Magic Dart (safe; 1% risk of failure)
Confirm with . or Enter, or press ? or * to list all spells.
Aiming: Magic Dart (safe; 1% risk of failure)
Press: ? - help, Shift-Dir - straight line, f/p - orc
Aim: an orc, wielding a +0 club and wearing a +0 leather armour (lightly wounded, 100% to hit)
The magic dart hits the orc.
The orc is heavily wounded.
Casting: Magic Dart (safe; 1% risk of failure)
Confirm with . or Enter, or press ? or * to list all spells.
Aiming: Magic Dart (safe; 1% risk of failure)
Press: ? - help, Shift-Dir - straight line, f/p - orc
Aim: an orc, wielding a +0 club and wearing a +0 leather armour (heavily wounded, 100% to hit)
The magic dart hits the orc.
The orc is severely wounded.
The orc hits you but does no damage.
Casting: Magic Dart (safe; 1% risk of failure)
Confirm with . or Enter, or press ? or * to list all spells.
Aiming: Searing Ray (safe; 1% risk of failure)
Press: ? - help, Shift-Dir - straight line, f/p - orc
Aim: an orc, wielding a +0 club and wearing a +0 leather armour (severely wounded, 81% to hit)
The searing ray hits the orc.
You kill the orc!
The searing ray hits the orc.
The orc is severely wounded. (Press . to maintain the ray.)
The searing ray hits the orc!
You kill the orc!
The searing ray misses the orc priest.
The orc priest mumbles some strange prayers to Beogh against you.
Pain shoots through your body!
The searing ray misses the orc priest.
The searing ray hits the orc priest!
The orc priest is severely wounded.
You finish channelling your searing ray.
The orc priest mumbles some strange prayers to Beogh against you.
Beogh smites you!
Ouch! That really hurt!
You die...

####..# #..#
########..#
..........#
########.## #.#
#
#######.####....
#..........)..).
#@#####.####.##.
#o# #.# #.# #..
ooo......# ###.
.........# .#
.......... .
..[...?..## ##
....##.).# ....
#...#


You could see an orc priest.

Vanquished Creatures
  Terence (D:2)
  A gnoll (D:1)
  An adder (D:3)
  A worm (D:2)
  3 dart slugs
  10 orcs (D:3)
  4 ball pythons
  5 endoplasms
  4 giant cockroaches
  6 goblins
  2 hobgoblins (D:2)
  2 quokkas
  2 bats
  4 frilled lizards
  5 kobolds
  5 rats
56 creatures vanquished.

Notes
Turn   | Place    | Note
-------+----------+-------------------------------------------
     0 | D:1      | lorenzova the Deep Elf Conjurer began the quest for the
                  | Orb.
     0 | D:1      | Reached XP level 1. HP: 10/10 MP: 6/6
   292 | D:1      | Reached XP level 2. HP: 8/15 MP: 1/8
   863 | D:1      | Reached XP level 3. HP: 19/19 MP: 7/10
   960 | D:1      | Reached skill level 5 in Conjurations
  1253 | D:2      | Noticed Terence
  1260 | D:2      | Learned a level 2 spell: Searing Ray
  2060 | D:2      | Killed Terence
  2061 | D:2      | Reached XP level 4. HP: 21/24 MP: 5/12
  2571 | D:3      | Reached skill level 5 in Spellcasting
  2633 | D:3      | Found an iron altar of Okawaru.
  2848 | D:3      | Killed from afar by an orc priest

Illustrated notes

Levels and vault maps discovered:
D:1:      lightli_arrival_boilingwater, layout_basic,
          minmay_misc_feat_more_columns, hangedman_feature_mirror
D:2:      layout_basic, minmay_misc_feat_secret_circle,
          minmay_misc_feat_diagonals, minmay_misc_feat_enclosed, uniq_terence
D:3:      layout_loops_ring, mainiacjoe_overflow_six_doors_small,
          chequers_serial_rivers_micro_d, moated_statue,
          chequers_serial_rivers_micro_d

Skill      XL: |  1  2  3  4 |
---------------+-------------+-----
Spellcasting   | 4 5 |  5.2
Conjurations   | 5 |  5.7
Dodging        | |  2.4
Stealth        | |  2.4

Action                     |  1- 3 |  4- 6 || total
---------------------------+-------+-------++-------
  Melee: Unarmed           |     5 |       ||     5
   Cast: Magic Dart        |    65 |    31 ||    96
         Searing Ray       |     3 |     3 ||     6
 Armour: Robe              |     1 |     1 ||     2
  Dodge: Dodged            |    21 |     2 ||    23

Table legend: (Time is in decaauts)
 A = Elapsed time spent in this place.
 B = Non-inter-level travel time spent in this place.
 C = Inter-level travel time spent in this place.
 D = Time resting spent in this place.
 E = Time spent auto-exploring this place.
 F = Levels seen in this place.
 G = Mean time per level.
                   A        B        C        D        E       F      G
               +--------+--------+--------+--------+--------+-----+--------+
         Total |   2840 |   2750 |     90 |    780 |   1707 |   3 |  946.7 |
       Dungeon |   2840 |   2750 |     90 |    780 |   1707 |   3 |  946.7 |
               +--------+--------+--------+--------+--------+-----+--------+

Top non-repeatable levels by time:
     D:1: 1348 daAuts
     D:2: 1154 daAuts
     D:3: 338 daAuts
